 Dungeon Crawl Stone Soup version 0.19.1-1-g22dce08 (webtiles) character file.

199 TuxedoFelix the Covered (level 5, 0/47 HPs)
             Began as a Minotaur Fighter on Jan 15, 2017.
             Slain by a river rat (8 damage)
             ... on level 3 of the Dungeon.
             The game lasted 00:12:29 (1779 turns).

TuxedoFelix the Covered (Minotaur Fighter)          Turns: 1779, Time: 00:12:30

Health: 0/47       AC: 12    Str: 21    XL:     5   Next: 48%
Magic:  4/4        EV:  4    Int:  5    God:
Gold:   132        SH:  9    Dex: 10    Spells: 0 memorised, 4 levels left

rFire  . . .     SeeInvis .     a - +1 long sword
rCold  . . .     Gourm    .     e - +0 plate armour
rNeg   . . .     Faith    .     c - +0 shield
rPois  .         Spirit   .     (helmet restricted)
rElec  .         Reflect  .     (no cloak)
rCorr  .         Harm     +     (no gloves)
MR     .....                    (no boots)
Stlth  ..........               o - amulet of harm
                                (no ring)
                                k - ring of wizardry

@: no status effects
A: retaliatory headbutt, horns 2
a: no special abilities


You were on level 3 of the Dungeon.
You were not hungry.

You visited 1 branch of the dungeon, and saw 3 of its levels.

You collected 132 gold pieces.

Inventory:

Hand Weapons
 a - a +1 long sword (weapon)
Armour
 c - a +0 shield (worn)
 e - a +0 plate armour (worn)
Jewellery
 k - a ring of wizardry (left hand)
 o - an amulet of harm (around neck)
Wands
 l - a wand of iceblast (9/15)
Scrolls
 g - a scroll of remove curse
 h - a scroll of amnesia {unknown}
 n - a scroll of noise {unknown}
 p - a scroll of recharging {unknown}
Potions
 b - 2 potions of brilliance
 d - a potion of might
 j - a potion of magic
 q - a potion of curing
 s - a potion of cancellation {unknown}
Comestibles
 f - 3 bread rations
 i - 10 chunks of flesh
 m - 2 meat rations
 r - 7 fruits


   Skills:
 + Level 4.4 Fighting
 + Level 4.4 Long Blades
 + Level 4.9 Armour
 + Level 0.2 Dodging
 + Level 0.3 Stealth
 + Level 4.7 Shields


You had 4 spell levels left.
You didn't know any spells.

Dungeon Overview and Level Annotations

Branches:
Dungeon (3/15)

Altars:
Makhleb

Portals:
Sewer: D:3


Innate Abilities, Weirdness & Mutations

You reflexively headbutt those who attack you in melee.
You have a pair of horns on your head.


Message History

The river rat bites you.
* * * LOW HITPOINT WARNING * * *
Your unstable footing causes you to fumble your attack.
You block the river rat's attack.
Your unstable footing causes you to fumble your attack.
The river rat bites you but does no damage.
You hit the river rat but do no damage. Your headbutt misses the river rat.
The river rat bites you.
* * * LOW HITPOINT WARNING * * *
The river rat bites you but does no damage.
Your unstable footing causes you to fumble your attack.
The river rat bites you but does no damage.
You hit the river rat but do no damage. Your headbutt misses the river rat.
You block the river rat's attack.
Your plate armour prevents you from hitting the river rat.
Your headbutt misses the river rat. The river rat bites you.
* * * LOW HITPOINT WARNING * * *
Your unstable footing causes you to fumble your attack.
The river rat bites you!
You die...

..># #..# #..#
#..#
#.#.######..#
.......<.)..#
####.....).##
#≈###≈≈##+.##..#
#≈'≈≈≈≈@r#.##..#
#∩'≈≈≈≈†≈#.##..#
#≈###≈≈##'.##.##
##.####..###.#
.............#
##.###.#..####
#.#..# #.#..#
#.#...


You could see a river rat.

Vanquished Creatures
  The ghost of Yoshimo the Magician, a weakling DgWz (D:3)
  A hound (D:2)
  Jessica (D:2)
  3 adders (D:2)
  A river rat (D:3)
  2 worms (D:2)
  4 leopard geckos
  5 orcs (D:3)
  3 giant cockroaches
  5 goblins
  4 hobgoblins
  7 jackals
  2 kobolds (D:2)
  7 bats
  2 frilled lizards
  9 rats
57 creatures vanquished.

Notes
Turn   | Place    | Note
-------+----------+-------------------------------------------
     0 | D:1      | TuxedoFelix the Minotaur Fighter began the quest for the Orb.
     0 | D:1      | Reached XP level 1. HP: 19/19 MP: 0/0
   233 | D:1      | Reached XP level 2. HP: 27/27 MP: 1/1
   879 | D:2      | Noticed Jessica
   921 | D:2      | Killed Jessica
   921 | D:2      | Reached XP level 3. HP: 28/33 MP: 2/2
  1116 | D:2      | Found a burning altar of Makhleb.
  1119 | D:2      | Reached XP level 4. HP: 40/41 MP: 3/3
  1706 | D:3      | Reached XP level 5. HP: 47/47 MP: 4/4
  1745 | D:3      | Noticed Yoshimo's ghost (weakling DgWz)
  1746 | D:3      | Found a glowing drain.
  1768 | D:3      | Killed Yoshimo's ghost
  1779 | D:3      | Slain by a river rat

Skill      XL: |  1  2  3  4  5 |
---------------+----------------+-----
Armour         | 4 |  4.9
Shields        | 4 |  4.7
Fighting       | 4 |  4.4
Long Blades    | 3 4 |  4.4
Dodging        | |  0.2
Stealth        | |  0.3

Action                   |  1- 3 |  4- 6 || total
-------------------------+-------+-------++-------
Melee: Long sword        |   100 |    67 ||   167
       Headbutt          |     7 |     8 ||    15
  Use: Scroll            |     5 |     2 ||     7
       Potion            |     2 |       ||     2
  Eat: Chunk             |       |     3 ||     3
Armor: Plate armour      |    98 |    58 ||   156
Dodge: Dodged            |    27 |    14 ||    41
Block: Shield            |    61 |    48 ||   109
       Rpst.: Long sword |     7 |     4 ||    11
